cohdb
Replays
Latest Replays
All Replays
Popular Replays
Top Player Replays
Match Explorer
How It Works
Community
CoH3 Stats
Reddit
Sign in to upload your games and track your stats! →
Sign in with Steam
Match 42725070
Unlisted
Match 42725070
Overview
Messages
Build Orders
End
Construct Section Command Post
Vickers Machine Gun Team
Selects Air and Sea Battlegroup
Dingo Light Scout Car
Infantry Section
Infantry Section
Construct Platoon Command Post
Selects Commando Section Paradrop
Selects M1 Pack Howitzer Paradrop
M1 Pack Howitzer Paradrop
Construct Field Infirmary
Selects Supply Surplus
Commando Section Paradrop
Royal Engineer Section
Selects UNKNOWN (223837)
Infantry Section
Construct Company Command Post
Crusader II Medium Tank
Infantry Training
Commando Section Paradrop
Selects Incendiary Bombing Run
Unlock M3 Grant Medium Tanks
mp5
Sum
Dawes
wailpsn
Dirty Timbs
(MKH) VENI VIDI VICI
Miwl
slapamen
0
0
Comments
sign in to comment!
No comments posted yet!